 Dungeon Crawl Stone Soup version 0.26.1-2-gb8aa6d0 (webtiles) character file.

Game seed: 16562729477361574678

596269 Zock the Tortoise (level 27, -29/219 HPs)
             Began as a Gnoll Fighter on May 18, 2021.
             Was an Initiate of Gozag.
             Killed from afar by an orb of fire (44 damage)
             ... with a bolt of fire
             ... on level 5 of the Realm of Zot on May 21, 2021.
             The game lasted 12:18:37 (148112 turns).

Zock the Tortoise (Gnoll Fighter)                 Turns: 148112, Time: 12:18:50

Health: -29/219    AC: 42    Str: 27    XL:     27
Magic:  0/40       EV: 20    Int: 32    God:    Gozag
Gold:   7926       SH: 21    Dex: 11    Spells: 5/61 levels left

rFire    . . .     SeeInvis +   a - +9 scimitar of Docean {freeze, rPois Will+++ Dex-5 SInv}
rCold    + . .     Faith    .   I - +5 kite shield {reflect}
rNeg     . . .     Spirit   +   H - +27 Lear's hauberk
rPois    +         Reflect  +   (helmet currently unavailable)
rElec    .         Harm     .   (no cloak)
rCorr    +         Rampage  .   (gloves currently unavailable)
Will     +++++                  (boots currently unavailable)
Stlth    +++.......             R - amulet "Baetak" {Spirit *Drain rC+ Str+4 Int+8}
HPRegen  0.46/turn              A - ring of resist corrosion
MPRegen  0.27/turn              S - +6 ring of intelligence

@: gold aura, studying Dodging
A: distributed training, fangs 1, repulsion field 1, low mp 1, screaming 2,
strong nose
}: 3/15 runes: serpentine, barnacled, silver
a: Renounce Religion, Potion Petition, Call Merchant, Bribe Branch


You were on level 5 of the Realm of Zot.
You worshipped Gozag.
Gozag was greatly pleased with you.
You visited 12 branches of the dungeon, and saw 58 of its levels.
You visited the Abyss 1 time.

You collected 36891 gold pieces.
You spent 14142 gold pieces at shops.
You paid 14823 gold pieces to Gozag.

Inventory:

Hand Weapons
 a - the +9 scimitar of Docean (weapon) {freeze, rPois Will+++ Dex-5 SInv}
   (You found it on level 7 of the Dungeon)

   It has been specially enchanted to freeze those struck by it, causing extra
   injury to most foes and up to half again as much damage against particularly
   susceptible opponents.
   It can also slow down cold-blooded creatures.
   It affects your dexterity (-5).
   It protects you from poison.
   It affects your willpower, your defense against some magical effects.
   It lets you see invisible.
 b - a +9 hand crossbow of flaming
Missiles
 y - 2548 bolts
Armour
 H - the +27 Lear's hauberk (worn)
   (You found it on level 6 of the Dungeon)
 I - a +5 kite shield of reflection (worn)
 O - a +2 cloak of willpower
Jewellery
 q - an uncursed ring of flight
 t - the ring of Tayra {Str+3 Int+4 Dex+6}
   (You took it off a merfolk siren on level 2 of the Shoals)

   [ring of dexterity]

   It affects your strength (+3).
   It affects your intelligence (+4).
   It affects your dexterity (+6).
 A - a ring of resist corrosion (left hand)
 B - an uncursed ring of magical power
 C - an uncursed ring of willpower
 M - an uncursed ring of wizardry
 R - the amulet "Baetak" (around neck) {Spirit *Drain rC+ Str+4 Int+8}
   (You took it off a deep elf sorcerer on level 3 of the Elven Halls)

   [amulet of guardian spirit]

   It causes incoming damage to be split between your health and magic.
   It affects your strength (+4).
   It affects your intelligence (+8).
   It protects you from cold.
   It causes draining when unequipped.
 S - a +6 ring of intelligence (right hand)
Wands
 n - a wand of iceblast (18)
 s - a wand of flame (35)
 x - a wand of acid (10)
 J - a wand of enslavement (23)
 P - a wand of paralysis (49)
 W - a wand of disintegration (19)
Scrolls
 f - 6 scrolls of vulnerability
 g - 6 scrolls of fog
 m - 2 scrolls of summoning
 p - 4 scrolls of amnesia
 r - 8 scrolls of remove curse
 u - 6 scrolls of holy word
 z - a scroll of magic mapping
 E - 7 scrolls of silence
 F - 11 scrolls of fear
 G - 16 scrolls of teleportation
 N - 5 scrolls of immolation
 U - a scroll of brand weapon
 Y - 13 scrolls of identify
 Z - a scroll of blinking
Potions
 c - a potion of flight
 d - 7 potions of might
 h - 6 potions of cancellation
 i - 37 potions of curing
 j - 10 potions of attraction
 k - 2 potions of berserk rage
 l - 4 potions of magic
 o - 11 potions of lignification
 v - 8 potions of heal wounds
 D - 11 potions of ambrosia
 K - 12 potions of brilliance
 Q - 5 potions of haste
 T - 6 potions of resistance
Books
 X - a manual of Dodging
Miscellaneous
 e - a phantom mirror (inert)
 w - a lightning rod (4/4)
 L - a tin of tremorstones (2/2)
 V - a box of beasts


   Skills:
 + Level 18.5 Fighting
 + Level 17.6 Short Blades
 + Level 17.6 Long Blades
 + Level 17.6 Axes
 + Level 18.1 Maces & Flails
 + Level 17.6 Polearms
 + Level 17.6 Staves
 + Level 17.6 Slings
 + Level 17.6 Bows
 + Level 17.6 Crossbows
 + Level 17.6 Throwing
 + Level 19.6 Armour
 + Level 18.8 Dodging
 + Level 17.6 Stealth
 + Level 18.5 Shields
 + Level 17.6 Unarmed Combat
 + Level 17.6 Spellcasting
 + Level 15.2 Conjurations
 + Level 15.2 Hexes
 + Level 15.2 Summonings
 + Level 15.2 Necromancy
 + Level 15.2 Translocations
 + Level 15.2 Transmutations
 + Level 15.2 Fire Magic
 + Level 15.2 Ice Magic
 + Level 15.2 Air Magic
 + Level 15.2 Earth Magic
 + Level 15.2 Poison Magic
 + Level 19.0 Invocations
 + Level 17.6 Evocations


You had 5 spell levels left.
You knew the following spells:

 Your Spells              Type           Power        Failure   Level
a - Beastly Appendage     Tmut           100%         0%          1
b - Airstrike             Air            45%          1%          4
c - Silence               Hex/Air        45%          1%          5
d - Spellforged Servitor  Conj/Summ      45%          7%          7
e - Cause Fear            Hex            45%          1%          4
f - Tukima's Dance        Hex            90%          1%          3
g - Summon Forest         Summ/Tloc      45%          1%          5
h - Summon Guardian Gole  Hex/Summ       90%          1%          3
j - Blink                 Tloc           N/A          0%          2
k - Call Imp              Summ           90%          0%          2
l - Summon Lightning Spi  Summ/Air       90%          1%          4
m - Summon Ice Beast      Ice/Summ       90%          1%          4
n - Summon Mana Viper     Hex/Summ       90%          1%          5
o - Summon Hydra          Summ           45%          7%          7

Your spell library contained the following spells:

 Spells                   Type           Power        Failure   Level
 Animate Skeleton         Necr           100%         0%          1
 Apportation              Tloc           100%         0%          1
 Corona                   Hex            100%         0%          1
 Foxfire                  Conj/Fire      100%         0%          1
 Freeze                   Ice            100%         0%          1
 Magic Dart               Conj           100%         0%          1
 Pain                     Necr           100%         0%          1
 Sandblast                Erth           100%         0%          1
 Shock                    Conj/Air       100%         0%          1
 Sting                    Tmut/Pois      100%         0%          1
 Summon Small Mammal      Summ           100%         0%          1
 Corpse Rot               Necr/Air       N/A          0%          2
 Ensorcelled Hibernation  Hex/Ice        100%         0%          2
 Passwall                 Tmut/Erth      75%          0%          2
 Poisonous Vapours        Pois/Air       100%         0%          2
 Slow                     Hex            90%          0%          2
 Sublimation of Blood     Necr           45%          0%          2
 Swiftness                Air            90%          0%          2
 Wereblood                Tmut           90%          0%          2
 Call Canine Familiar     Summ           90%          1%          3
 Confusing Touch          Hex            90%          1%          3
 Conjure Flame            Conj/Fire      90%          1%          3
 Frozen Ramparts          Ice            100%         1%          3
 Gell's Gravitas          Tloc           45%          1%          3
 Ignite Poison            Fire/Tmut/Pois 90%          1%          3
 Lesser Beckoning         Tloc           45%          1%          3
 Mephitic Cloud           Conj/Pois/Air  90%          1%          3
 Ozocubu's Armour         Ice            90%          1%          3
 Spider Form              Tmut/Pois      45%          1%          3
 Static Discharge         Conj/Air       90%          1%          3
 Stone Arrow              Conj/Erth      100%         1%          3
 Teleport Other           Tloc           90%          1%          3
 Vampiric Draining        Necr           45%          1%          3
 Animate Dead             Necr           45%          1%          4
 Dispel Undead            Necr           90%          1%          4
 Fulminant Prism          Conj/Hex       45%          1%          4
 Hailstorm                Conj/Ice       90%          1%          4
 Ice Form                 Ice/Tmut       90%          1%          4
 Iskenderun's Mystic Bla  Conj/Tloc      90%          1%          4
 Olgreb's Toxic Radiance  Pois           90%          1%          4
 Passage of Golubria      Tloc           N/A          1%          4
 Petrify                  Tmut/Erth      90%          1%          4
 Agony                    Necr           90%          1%          5
 Alistair's Intoxication  Tmut/Pois      60%          1%          5
 Blade Hands              Tmut           45%          1%          5
 Bolt of Magma            Conj/Fire/Erth 45%          1%          5
 Borgnjor's Vile Clutch   Necr/Erth      45%          1%          5
 Excruciating Wounds      Necr           45%          1%          5
 Irradiate                Conj/Tmut      45%          1%          5
 Iskenderun's Battlesphe  Conj           90%          1%          5
 Lee's Rapid Deconstruct  Erth           45%          1%          5
 Lightning Bolt           Conj/Air       45%          1%          5
 Metabolic Englaciation   Hex/Ice        45%          1%          5
 Summon Demon             Summ           45%          1%          5
 Yara's Violent Unravell  Hex/Tmut       45%          1%          5
 Conjure Ball Lightning   Conj/Air       45%          1%          6
 Eringya's Noxious Bog    Tmut/Pois      45%          1%          6
 Hydra Form               Tmut           45%          1%          6
 Invisibility             Hex            90%          1%          6
 Iron Shot                Conj/Erth      45%          1%          6
 Shadow Creatures         Summ           N/A          1%          6
 Simulacrum               Ice/Necr       45%          1%          6
 Statue Form              Tmut/Erth      60%          1%          6
 Dragon Form              Tmut           45%          7%          7
 Malign Gateway           Summ/Tloc      45%          7%          7
 Monstrous Menagerie      Summ           45%          7%          7
 Orb of Destruction       Conj           45%          7%          7
 Summon Greater Demon     Summ           45%          7%          7
 Discord                  Hex            45%          47%         8
 Necromutation            Tmut/Necr      45%          47%         8
 Summon Horrible Things   Summ           45%          47%         8
 Tornado                  Air            45%          100%        9


Dungeon Overview and Level Annotations

Branches:
Dungeon (15/15)            Temple (1/1) D:6            Lair (6/6) D:10
 Shoals (4/4) Lair:3        Snake (4/4) Lair:4        Slime (5/5) Lair:5
    Orc (2/2) D:11            Elf (3/3) Orc:2        Vaults (5/5) D:14
  Crypt (3/3) Vaults:3       Tomb (0/3) Crypt:3      Depths (5/5) D:15
    Zot (5/5) Depths:5

Altars:
Ashenzari
Cheibriados
Dithmenos
Gozag
Kikubaaqudgha
Qazlal
Ru
Trog
Vehumet
Xom
Zin
Jiyva
Lugonu

Shops:
D:9 (   D:11 [*   D:12 =   D:15 *?(?***[:!(   Orc:2 (!*[   Shoals:2 :
Snake:1 =}=!   Vaults:1 [:*   Vaults:5 ?!!   Depths:4 =}=

Portals:
Hell: Depths:1 Depths:2 Depths:3 Depths:4 Depths:5
Abyss: Snake:1 Depths:3 Depths:4
Pandemonium: Depths:2 Depths:3
Ziggurat: Depths:5

Annotations:
Shoals:3 2 transporters, Angmar's ghost, adept DrTm
Slime:5 Royal Jelly
Elf:3 exclusion: lightning spire, Mara
Crypt:1 3 runed translucent doors, Hali's ghost, veteran FoFi
Depths:2 2 transporters, exclusion: obsidian statue, Hifrefadd's ghost, adept DgCj; Himmaryad's ghost, adept TrMo


Innate Abilities, Weirdness & Mutations

Your experience applies equally to all skills.
You have very sharp teeth.
Your uncanny sense of smell can sniff out nearby items.
You are surrounded by a mild repulsion field. (EV +2)
Your magical capacity is low. (-10% MP)
You sometimes yell uncontrollably at your foes.


Message History

You feel the Orb delaying your translocation!
The orb of fire emits a lurid red light.
The bolt of fire misses you.
The orb of fire glows red.
The bolt of fire hits you!!!
* * * LOW HITPOINT WARNING * * *
The orb of fire glows deep purple.
The bolt of fire hits you!!!
* * * LOW HITPOINT WARNING * * *
Blink to where?
Press: ? - help, Dir - move target
As you read the scroll of blinking, it crumbles to dust.
Your surroundings suddenly seem different.
A purple draconian comes into view. It is wielding a +0 glaive.
The purple draconian roars!
You hear a roar! x2
A curse toe comes into view.
An orb of fire comes into view.
The orb of fire glows bright magenta.
The bolt of fire hits you!!!
You die...
Your body crumbles into a pile of gold.

.d.. ........▓ . .^.
.*.*°.... ..
......°.z... ...
..♣......?^
....♣.♣........
...............
..♣.^....$.....
.......@...(.^▓
♣▓▓▓▓▓▓▓▓▓▓▓♣#^...^▓▓
#♣♣......≈≈≈(.(..^(...#
##....♣#$..≈≈≈≈.........
#...♣♣♣...≈≈≈≈..(....$..
...♣♣♣.......≈..........
..♣# ♣.^.♣...(($♣.......
*.♣ #.♣.....♣(.........
.#♣ ♣.................


You could see 2 orbs of fire, a purple draconian and a curse toe (wandering).

Vanquished Creatures
  2 ancient liches
  5 golden dragons
  Jory (Vaults:1)
  An electric golem (Zot:1)
  6 Orb Guardians (Zot:5)
  Jorgrun (Orc:1)
  Rupert (Lair:3)
  7 tentacled monstrosities
  A lich (Crypt:3)
  A quicksilver dragon (Zot:3)
  2 deep elf blademasters (Elf:3)
  2 deep elf master archers (Elf:3)
  2 titans
  9 acid blobs
  Frances (Snake:2)
  2 krakens
  2 ancient champions (Crypt:1)
  A death cob (Zot:3)
  5 sphinxes
  5 draconian monks
  A thorn hunter (Depths:4)
  2 shadow dragons
  Gastronok (Lair:3)
  9 storm dragons
  2 tengu reavers
  2 tentacled starspawn (Abyss:2)
  Kirke (Lair:3)
  The ghost of Endbringerleviathan the Cleaver, an adept HuHu of Gozag (Shoals:2)
  Agnes (Vaults:2)
  3 azure jellies
  5 nagarajas
  5 fire giants
  2 draconian knights
  Ilsuiw (Shoals:4)
  A juggernaut zombie (D:15)
  A ghost moth (Zot:1)
  5 draconian scorchers
  3 frost giants
  7 vault wardens
  2 deep elf elementalists
  A draconian shifter (Zot:4)
  2 draconian annihilators
  A spriggan defender (Depths:4)
  3 war gargoyles
  A reaper (Depths:2)
  8 ironheart preservers
  12 stone giants
  5 very ugly things
  7 green draconians
  4 vampire knights
  4 deep elf demonologists
  7 black draconians
  A spark wasp (D:15)
  4 yellow draconians
  4 red draconians
  2 white draconians (Depths:5)
  The ghost of roseMary the Basher, a journeyman TrFi (Lair:3)
  2 purple draconians
  6 deep elf death magi
  7 ettins
  An ettin (shapeshifter) (Depths:4)
  4 death oozes (Slime:5)
  7 merfolk javelineers
  5 fire dragons
  9 yaktaur captains
  10 merfolk impalers
  4 jiangshi
  A deep elf high priest (Depths:4)
  5 hydras
  5 great orbs of eyes
  6 ice dragons
  12 naga warriors
  Harold (D:10)
  2 rakshasas (D:15)
  3 boulder beetles
  A catoblepas (D:13)
  A quicksilver dragon skeleton (Depths:2)
  8 merfolk aquamancers
  2 vault guards (Vaults:4)
  Erica (Lair:1)
  5 centaur warriors
  2 alligator snapping turtles
  A spriggan air mage (Depths:4)
  5 anacondas
  2 merfolk avatars
  2 death knights
  3 deep troll shamans
  A satyr (Shoals:2)
  3 death yaks (Lair:6)
  10 ogre magi
  31 two-headed ogres
  A spriggan berserker (Depths:5)
  2 tengu warriors
  2 thrashing horrors (Abyss:2)
  2 vampire magi
  Urug (Lair:1)
  2 deep troll earth magi
  5 naga sharpshooters
  15 deep elf knights
  4 shock serpents
  6 hell knights
  A wretched star (Abyss:2)
  3 shadow wraiths
  9 skeletal warriors
  A soul eater (Depths:2)
  A storm dragon skeleton (Crypt:3)
  An iron troll (Depths:3)
  A salamander mystic (Snake:3)
  13 sea snakes
  16 deep trolls
  A flayed ghost (Depths:2)
  4 unseen horrors
  A sixfirhy (Abyss:2)
  2 wizards
  2 glowing orange brains
  A tengu zombie (Depths:2)
  6 orc knights
  A deep elf archer (Elf:3)
  4 ironbrand convokers
  33 harpies
  11 phantasmal warriors
  2 necromancers
  A naga ritualist (Snake:2)
  A sphinx zombie (Depths:2)
  4 shining eyes
  3 mana vipers
  2 shadow dragon skeletons
  A tengu skeleton (Depths:2)
  8 oklob plants
  14 fauns
  8 cyclopes
  A large abomination (Abyss:2)
  46 deep elf magi
  3 orc sorcerers
  A shining eye (shapeshifter) (Vaults:2)
  A stone giant zombie (Depths:2)
  18 manticores
  A fire giant zombie (Depths:2)
  6 ugly things
  An iron dragon skeleton (Crypt:3)
  9 moths of wrath
  9 elephants
  2 rust devils (D:7)
  3 frost giant skeletons
  A stone giant skeleton (Crypt:3)
  Joseph (D:10)
  4 salamanders
  11 merfolk sirens
  19 black mambas
  Maurice (D:13)
  A black mamba (shapeshifter) (Depths:2)
  2 guardian serpents
  24 cane toads
  10 naga magi
  2 vault sentinels
  5 gargoyles
  6 water nymphs
  A smoke demon (Crypt:3)
  6 torpor snails
  A rime drake (shapeshifter) (Vaults:4)
  A redback zombie (D:15)
  3 kobold demonologists (Abyss:2)
  9 komodo dragons
  26 yaktaurs
  3 spriggan skeletons (Depths:2)
  The ghost of Chompyraptor the Covered, a novice TeFi (D:4)
  A yaktaur zombie (Vaults:4)
  12 rime drakes
  An efreet (Zot:1)
  4 hellwings
  An ancient zyme (Abyss:2)
  5 freezing wraiths
  A tengu conjurer (Depths:5)
  A red devil (Depths:1)
  A queen bee (Lair:3)
  A grey draconian skeleton (Crypt:2)
  36 merfolk
  4 trolls
  5 polar bears
  8 wind drakes
  5 tyrant leeches (Lair:6)
  2 hornets (Lair:3)
  8 snapping turtles
  7 raiju
  16 dream sheep
  28 slime creatures
  A spriggan zombie (D:15)
  A dream sheep (shapeshifter) (Vaults:5)
  An ettin zombie (Depths:2)
  An ice dragon zombie (D:15)
  38 blink frogs
  2 air elementals
  12 water elementals
  7 wraiths
  5 shadows
  69 yaks
  9 basilisks
  5 vampire mosquitoes
  5 fire elementals
  10 golden eyes
  6 wyverns
  A golden eye (shapeshifter) (Vaults:3)
  2 hogs (shapeshifter)
  10 steam dragons (Lair:4)
  5 hogs (Lair:3)
  2 wargs
  Edmund (D:5)
  29 nagas
  A soldier ant (D:13)
  2 swamp worms (Lair:3)
  21 water moccasins
  An acid dragon (D:13)
  3 small abominations
  2 floating eyes
  18 nameless horrors
  Duvessa (D:7)
  2 hell hounds (Depths:1)
  A floating eye (shapeshifter) (Vaults:5)
  6 ice beasts
  18 orc warriors
  A merfolk skeleton (Crypt:1)
  An eye of draining (shapeshifter) (Orc:2)
  7 sky beasts
  3 black bears (Lair:1)
  4 eyes of draining
  A dream sheep zombie (Crypt:2)
  31 ogres
  3 boggarts
  10 wolves
  4 phantoms
  20 centaurs
  4 big kobolds
  2 blink frog skeletons
  30 bullfrogs
  4 earth elementals
  A wyvern zombie (D:8)
  2 glowing shapeshifter simulacra (Depths:2)
  Dowan (D:7)
  2 wyvern skeletons
  8 scorpions
  7 killer bees
  16 wights
  3 howler monkeys
  2 electric eels
  2 quasits
  7 starcursed masses (Abyss:2)
  4 centaur zombies
  9 orc priests
  4 jellies
  21 orc wizards
  3 bullfrog skeletons
  4 centaur skeletons
  4 hounds
  5 hell rats (Lair:3)
  13 worker ants
  4 iguanas
  An ogre zombie (Crypt:1)
  2 hound zombies
  2 mummies (Crypt:3)
  A worker ant zombie (D:10)
  3 gnolls (Orc:2)
  20 adders
  2 shadow imps
  4 white imps
  3 ufetubi
  2 oozes
  2 adder skeletons
  2 lava snake skeletons
  A worm (D:3)
  3 dart slugs
  7 leopard geckos
  84 orcs
  5 giant cockroaches
  7 hobgoblins
  7 jackals
  5 quokkas
  2 ball pythons (D:5)
  6 bats
  7 frilled lizards
  8 goblins
  A jackal skeleton (D:5)
  28 kobolds
  A leopard gecko skeleton (D:4)
  An orc skeleton (Crypt:1)
  A quokka skeleton (D:6)
  2 quokka zombies (D:7)
  5 rats
  A river rat skeleton (Crypt:1)
  A starspawn tentacle (Abyss:2)
  7 tentacles
1708 creatures vanquished.

Vanquished Creatures (collateral kills)
  3 ancient liches
  2 juggernauts
  Sojobo (Vaults:2)
  Saint Roka (Vaults:5)
  2 Killer Klowns
  Bai Suzhen (Vaults:4)
  2 curse toes
  Nikola (Elf:3)
  6 golden dragons
  the Enchantress (Depths:4)
  A Tzitzimitl (Depths:2)
  An electric golem (Zot:5)
  6 tentacled monstrosities
  A hellephant (Abyss:2)
  2 liches
  5 Orb Guardians
  A titan (Vaults:5)
  9 quicksilver dragons
  3 ancient champions
  A thorn hunter (Depths:4)
  10 acid blobs
  7 death cobs
  4 sphinxes
  13 storm dragons
  3 shadow dragons
  4 draconian monks (Zot:1)
  9 nagarajas
  5 tengu reavers
  6 azure jellies
  3 draconian knights
  5 draconian scorchers
  A ghost moth (Zot:1)
  Aizul (Snake:1)
  5 deep elf sorcerers
  12 vault wardens
  7 frost giants
  7 fire giants
  A curse skull (Crypt:3)
  7 draconian shifters
  7 deep elf elementalists (Elf:3)
  A ghoul (Vaults:3)
  12 very ugly things
  3 draconian stormcallers
  8 draconian annihilators
  11 ironheart preservers
  6 war gargoyles
  7 stone giants
  4 vampire knights
  2 spriggan defenders
  3 reapers (Depths:2)
  11 green draconians
  5 black draconians
  5 red draconians
  8 deep elf demonologists
  6 white draconians
  An entropy weaver (Vaults:3)
  5 deep elf annihilators
  14 purple draconians
  2 ettins
  12 yellow draconians
  5 eidola
  A merfolk javelineer (Depths:3)
  10 deep elf death magi
  2 death oozes (Slime:5)
  11 great orbs of eyes
  A merfolk impaler (Shoals:4)
  6 fire dragons
  4 jiangshi
  16 yaktaur captains
  5 deep elf high priests
  A quicksilver dragon skeleton (Depths:2)
  A caustic shrike simulacrum (Depths:2)
  22 naga warriors
  9 ice dragons
  31 vault guards
  7 rakshasas
  2 spriggan air magi
  A boulder beetle (Vaults:1)
  5 centaur warriors
  An anaconda (Snake:4)
  10 ogre magi
  A merfolk aquamancer (Shoals:4)
  2 tengu warriors (Depths:4)
  2 death knights (Crypt:2)
  5 deep troll earth magi
  30 two-headed ogres
  A satyr (Shoals:4)
  A deep troll shaman (Depths:3)
  2 vampire magi
  A titan zombie (Crypt:1)
  12 deep elf knights
  A spriggan berserker (Depths:2)
  21 hell knights
  13 naga sharpshooters
  A sun demon (Depths:2)
  A storm dragon zombie (Crypt:1)
  2 iron trolls (Depths:3)
  A fire crab (shapeshifter) (Depths:1)
  A wretched star (Abyss:2)
  5 soul eaters
  2 glowing orange brains
  2 shadow wraiths
  19 skeletal warriors
  5 large abominations
  4 nameless horrors
  2 spriggan druids (Depths:4)
  6 naga ritualists
  10 flayed ghosts
  A salamander mystic (Snake:2)
  3 unseen horrors (Depths:4)
  2 sea snakes
  An anaconda skeleton (Crypt:1)
  10 deep elf archers
  15 deep trolls
  14 necromancers
  10 phantasmal warriors
  A tengu zombie (Depths:2)
  6 ironbrand convokers
  A shadow demon (Depths:2)
  A golden dragon skeleton (Crypt:1)
  6 orc knights
  4 harpies (Shoals:4)
  4 wizards
  An iron dragon zombie (Crypt:1)
  8 shining eyes
  2 cyclopes (Vaults:2)
  A wolf spider (Vaults:1)
  5 mana vipers
  A wolf spider (shapeshifter) (Vaults:4)
  36 deep elf magi
  29 ugly things
  A shadow dragon skeleton (Crypt:1)
  2 fire giant zombies
  15 moths of wrath
  2 manticores (Shoals:4)
  6 salamanders
  2 fire giant skeletons
  16 vault sentinels
  3 water nymphs (Shoals:4)
  19 black mambas
  10 naga magi
  11 guardian serpents
  7 smoke demons
  A storm dragon simulacrum (Crypt:1)
  An eye of devastation (Slime:5)
  2 dire elephant skeletons
  An elf zombie (Depths:2)
  A kobold demonologist (Abyss:2)
  46 yaktaurs
  An emperor scorpion zombie (Crypt:1)
  2 hellions
  An efreet (Zot:1)
  6 freezing wraiths
  A purple draconian zombie (Crypt:1)
  A swamp worm zombie (Crypt:1)
  A ghost moth simulacrum (Crypt:1)
  2 catoblepas skeletons
  A meliai (shapeshifter) (Elf:2)
  2 hellwings
  7 red devils
  A jumping spider (shapeshifter) (Vaults:4)
  11 merfolk (Shoals:4)
  2 tengu conjurers
  A guardian mummy (Crypt:3)
  A polar bear (shapeshifter) (Depths:3)
  A troll (Vaults:3)
  A hornet (Vaults:3)
  2 wind drakes (Shoals:4)
  A shadow dragon simulacrum (Vaults:4)
  2 blink frogs (Lair:6)
  An alligator zombie (Crypt:1)
  65 slime creatures
  A dream sheep (Lair:6)
  2 fire giant simulacra
  A dream sheep (shapeshifter) (Vaults:4)
  An ettin zombie (Vaults:4)
  5 small abominations
  A redback (Vaults:3)
  3 shadows (Crypt:3)
  A dire elephant simulacrum (Crypt:1)
  A yak (shapeshifter) (Vaults:4)
  An ettin skeleton (Depths:2)
  A water elemental (Depths:3)
  5 wraiths
  2 ushabtiu (Crypt:3)
  A basilisk (shapeshifter) (Vaults:1)
  6 golden eyes (Slime:2)
  A neqoxec (Abyss:2)
  A vampire mosquito (Lair:6)
  2 chaos spawn (Depths:4)
  2 wargs
  2 spriggan simulacra (Depths:2)
  55 nagas
  A cane toad zombie (Crypt:1)
  A water moccasin (Lair:6)
  12 orc warriors
  A fire dragon simulacrum (Crypt:1)
  5 eyes of draining
  24 ogres
  8 boggarts
  3 wolves (Lair:6)
  10 centaurs
  A snapping turtle skeleton (Crypt:1)
  A hog skeleton (Crypt:2)
  A bullfrog (Lair:6)
  A deep troll simulacrum (Vaults:2)
  A wight (Crypt:3)
  A crimson imp (Depths:1)
  2 human simulacra (Vaults:1)
  2 starcursed masses (Abyss:2)
  A quasit (Abyss:2)
  2 orc priests
  2 orc wizards (Vaults:1)
  An ogre skeleton (Crypt:1)
  5 mummies (Crypt:3)
  An ufetubus (Abyss:2)
  28 orcs
  A goblin zombie (Crypt:2)
  A kobold (Abyss:2)
  An orc skeleton (Crypt:3)
  15 bushes (Zot:4)
  A tentacle (Shoals:4)
1248 creatures vanquished.

Vanquished Creatures (others)
  Margery (Vaults:2)
  A shadow dragon (Vaults:5)
  2 nagarajas (Snake:4)
  A vault warden (Vaults:2)
  2 deep elf death magi
  3 naga warriors (Snake:4)
  An anaconda (Snake:3)
  A shock serpent (Snake:4)
  A naga sharpshooter (Snake:4)
  A deep troll earth mage (Depths:4)
  A deep troll shaman (Depths:1)
  A naga ritualist (Snake:4)
  A deep elf mage (Elf:2)
  A fire giant skeleton (Depths:2)
  A naga mage (Snake:2)
  A yaktaur (Vaults:4)
  A yaktaur (shapeshifter) (Vaults:5)
  2 slime creatures
  37 dancing weapons
  3 nagas
  A spriggan simulacrum (Depths:2)
  An ogre (Vaults:2)
  An orc wizard (Orc:1)
  2 orcs
  A bush (Lair:3)
  83 fungi
  A lurking horror (Snake:1)
  254 plants
  99 snaplasher vines
  3 starspawn tentacles (Abyss:2)
  17 tentacles
  67 withered plants
593 creatures vanquished.

Grand Total: 3549 creatures vanquished

Notes
Turn   | Place    | Note
-------+----------+-------------------------------------------
     0 | D:1      | Zock the Gnoll Fighter began the quest for the Orb.
     0 | D:1      | Reached XP level 1. HP: 23/23 MP: 1/1
    75 | D:1      | Reached XP level 2. HP: 22/29 MP: 2/2
   474 | D:1      | Reached XP level 3. HP: 33/35 MP: 3/3
  1402 | D:2      | Reached skill level 1 in Invocations
  1576 | D:2      | Reached skill level 1 in Short Blades
  1576 | D:2      | Reached skill level 1 in Long Blades
  1576 | D:2      | Reached skill level 1 in Axes
  1576 | D:2      | Reached skill level 1 in Polearms
  1576 | D:2      | Reached skill level 1 in Staves
  1576 | D:2      | Reached skill level 1 in Slings
  1576 | D:2      | Reached skill level 1 in Bows
  1576 | D:2      | Reached skill level 1 in Crossbows
  1576 | D:2      | Reached skill level 1 in Throwing
  1576 | D:2      | Reached skill level 1 in Dodging
  1576 | D:2      | Reached skill level 1 in Stealth
  1576 | D:2      | Reached skill level 1 in Unarmed Combat
  1576 | D:2      | Reached skill level 1 in Spellcasting
  1576 | D:2      | Reached skill level 1 in Evocations
  1957 | D:3      | Reached XP level 4. HP: 41/41 MP: 5/5
  2054 | D:3      | Found a radiant altar of Vehumet.
  2428 | D:3      | Reached skill level 1 in Conjurations
  2428 | D:3      | Reached skill level 1 in Hexes
  2428 | D:3      | Reached skill level 1 in Summonings
  2428 | D:3      | Reached skill level 1 in Necromancy
  2428 | D:3      | Reached skill level 1 in Translocations
  2428 | D:3      | Reached skill level 1 in Transmutations
  2428 | D:3      | Reached skill level 1 in Fire Magic
  2428 | D:3      | Reached skill level 1 in Ice Magic
  2428 | D:3      | Reached skill level 1 in Air Magic
  2428 | D:3      | Reached skill level 1 in Earth Magic
  2428 | D:3      | Reached skill level 1 in Poison Magic
  2455 | D:3      | Reached XP level 5. HP: 36/47 MP: 5/7
  2615 | D:3      | Found a stormy altar of Qazlal.
  2891 | D:4      | Found a runed translucent gate.
  2903 | D:4      | Found a runed translucent gate.
  2904 | D:4      | Found a runed translucent gate.
  2909 | D:4      | Noticed Chompyraptor's ghost (novice TeFi)
  2999 | D:4      | Reached XP level 6. HP: 53/53 MP: 8/8
  3169 | D:4      | Reached skill level 5 in Maces & Flails
  3260 | D:4      | Found a shadowy altar of Dithmenos.
  3362 | D:4      | Reached XP level 7. HP: 20/58 MP: 10/10
  3822 | D:5      | Entered Level 5 of the Dungeon
  3822 | D:5      | Noticed Edmund
  3849 | D:5      | Killed Edmund
  4190 | D:5      | Reached XP level 8. HP: 64/67 MP: 12/12
  5359 | D:5      | Found a broken altar of Ashenzari.
  6487 | D:6      | Reached XP level 9. HP: 28/72 MP: 14/14
  7125 | D:6      | Found a staircase to the Ecumenical Temple.
  7136 | Temple   | Entered the Ecumenical Temple
  7179 | Temple   | Became a worshipper of Gozag Ym Sagoz the Greedy
  7683 | D:7      | Noticed Dowan
  7684 | D:7      | Noticed Duvessa
  8145 | D:7      | Killed Duvessa
  8238 | D:6      | Reached skill level 5 in Invocations
  8341 | D:7      | Killed Dowan
  8369 | D:7      | Got a twisted scimitar
  8960 | D:7      | Reached XP level 10. HP: 80/80 MP: 17/17
  8960 | D:7      | Identified the +9 scimitar of Docean {freeze, rPois Will+++
                  | Dex-5 SInv} (You found it on level 7 of the Dungeon)
  9044 | D:7      | Learned a level 1 spell: Beastly Appendage
  9766 | D:8      | Reached skill level 5 in Short Blades
  9766 | D:8      | Reached skill level 5 in Long Blades
  9766 | D:8      | Reached skill level 5 in Axes
  9766 | D:8      | Reached skill level 5 in Polearms
  9766 | D:8      | Reached skill level 5 in Staves
  9766 | D:8      | Reached skill level 5 in Slings
  9766 | D:8      | Reached skill level 5 in Bows
  9766 | D:8      | Reached skill level 5 in Crossbows
  9766 | D:8      | Reached skill level 5 in Throwing
  9766 | D:8      | Reached skill level 5 in Dodging
  9766 | D:8      | Reached skill level 5 in Stealth
  9766 | D:8      | Reached skill level 5 in Unarmed Combat
  9766 | D:8      | Reached skill level 5 in Spellcasting
  9766 | D:8      | Reached skill level 5 in Evocations
 10499 | D:9      | Found Keqaqoh's Weapon Shoppe.
 10627 | D:9      | Noticed a two-headed ogre
 10661 | D:9      | Killed a two-headed ogre
 12068 | D:10     | Entered Level 10 of the Dungeon
 12218 | D:10     | Found a glowing silver altar of Zin.
 12249 | D:10     | Noticed Harold
 12277 | D:10     | Killed Harold
 12588 | D:10     | Reached XP level 11. HP: 87/87 MP: 19/19
 12849 | D:9      | Reached skill level 5 in Conjurations
 12849 | D:9      | Reached skill level 5 in Hexes
 12849 | D:9      | Reached skill level 5 in Summonings
 12849 | D:9      | Reached skill level 5 in Necromancy
 12849 | D:9      | Reached skill level 5 in Translocations
 12849 | D:9      | Reached skill level 5 in Transmutations
 12849 | D:9      | Reached skill level 5 in Fire Magic
 12849 | D:9      | Reached skill level 5 in Ice Magic
 12849 | D:9      | Reached skill level 5 in Air Magic
 12849 | D:9      | Reached skill level 5 in Earth Magic
 12849 | D:9      | Reached skill level 5 in Poison Magic
 13076 | D:10     | Found a staircase to the Lair.
 13126 | D:10     | Noticed an unseen horror
 13139 | D:10     | Killed an unseen horror
 13323 | D:10     | Noticed Joseph
 13330 | D:10     | Killed Joseph
 13605 | D:11     | Found an opulent altar of Gozag.
 13608 | D:11     | Found Gozag's Platinum Reserve.
 13659 | D:11     | Noticed a death knight
 13659 | D:11     | Noticed a phantasmal warrior
 13659 | D:11     | Noticed a skeletal warrior
 13659 | D:11     | Noticed a skeletal warrior
 13704 | Lair:1   | Entered Level 1 of the Lair of Beasts
 14049 | Lair:1   | Noticed a four-headed hydra
 14057 | Lair:1   | Killed a four-headed hydra
 14815 | Lair:1   | Reached XP level 12. HP: 88/96 MP: 22/22
 15093 | Lair:1   | Noticed Urug
 15098 | Lair:1   | Killed Urug
 15136 | Lair:1   | Found a sacrificial altar of Ru.
 15573 | Lair:1   | Noticed Erica
 15581 | Lair:1   | Killed Erica
 16319 | Lair:2   | Found a snail-covered altar of Cheibriados.
 16465 | Lair:2   | Noticed a five-headed hydra
 16481 | Lair:2   | Killed a one-headed hydra
 16791 | Lair:2   | Reached skill level 10 in Fighting
 16791 | Lair:2   | Reached skill level 10 in Armour
 16791 | Lair:2   | Reached skill level 10 in Shields
 17287 | Lair:3   | Found a staircase to the Shoals.
 17338 | Lair:3   | Noticed Gastronok
 17372 | Lair:3   | Killed Gastronok
 17594 | Lair:3   | Noticed Rupert
 17619 | Lair:3   | Killed Rupert
 17620 | Lair:3   | Reached XP level 13. HP: 67/103 MP: 15/24
 17680 | Lair:3   | Found a transporter.
 17680 | Lair:3   | Found a transporter.
 17680 | Lair:3   | Noticed roseMary's ghost (journeyman TrFi)
 19160 | Lair:4   | Noticed Kirke
 19242 | Lair:3   | Killed Kirke
 19265 | Lair:4   | Found a staircase to the Snake Pit.
 19482 | Lair:4   | Learned a level 4 spell: Airstrike
 19488 | Lair:4   | Learned a level 5 spell: Silence
 21140 | Lair:4   | Reached XP level 14. HP: 97/111 MP: 26/26
 21507 | Lair:4   | Reached skill level 10 in Maces & Flails
 22349 | Lair:5   | Found a viscous altar of Jiyva.
 22349 | Lair:5   | Found a staircase to the Slime Pits.
 22803 | Lair:5   | Got an encrusted hat
 22809 | Lair:5   | Identified the cursed -1 hat "Gojomet" {Rampage rPois Int+4
                  | Dex-5} (You found it on level 5 of the Lair of Beasts)
 23038 | Lair:6   | Entered Level 6 of the Lair of Beasts
 23139 | Lair:6   | Reached skill level 10 in Invocations
 25627 | Lair:6   | Reached XP level 15. HP: 60/119 MP: 18/28
 27565 | D:4      | Killed Chompyraptor's ghost
 27908 | D:6      | Found the +27 Lear's hauberk
 28133 | D:11     | Found Ynuiloun's Antique Armour Emporium.
 28141 | D:11     | Bought a crude buckler for 313 gold pieces
 28157 | D:11     | Identified the cursed +0 buckler of the Pits of Slime
                  | {Rampage rF- Will+ Dex+10} (You bought it in a shop on
                  | level 11 of the Dungeon)
 28556 | D:10     | Reached skill level 10 in Short Blades
 28556 | D:10     | Reached skill level 10 in Long Blades
 28556 | D:10     | Reached skill level 10 in Axes
 28556 | D:10     | Reached skill level 10 in Polearms
 28556 | D:10     | Reached skill level 10 in Staves
 28556 | D:10     | Reached skill level 10 in Slings
 28556 | D:10     | Reached skill level 10 in Bows
 28556 | D:10     | Reached skill level 10 in Crossbows
 28556 | D:10     | Reached skill level 10 in Throwing
 28556 | D:10     | Reached skill level 10 in Dodging
 28556 | D:10     | Reached skill level 10 in Stealth
 28556 | D:10     | Reached skill level 10 in Unarmed Combat
 28556 | D:10     | Reached skill level 10 in Spellcasting
 28556 | D:10     | Reached skill level 10 in Evocations
 28713 | D:10     | Learned a level 4 spell: Petrify
 29011 | D:11     | Found a staircase to the Orcish Mines.
 29426 | D:12     | Found Wubyf's Jewellery Shoppe.
 29449 | D:12     | Bought a +6 ring of intelligence for 877 gold pieces
 29458 | D:12     | Learned a level 4 spell: Cause Fear
 30000 | D:12     | Got a smouldering trident
 30535 | D:13     | Noticed Maurice
 30547 | D:13     | Killed Maurice
 31935 | D:14     | Learned a level 3 spell: Tukima's Dance
 32028 | D:14     | Found a gate to the Vaults.
 32273 | D:14     | Found a bloodstained altar of Trog.
 32780 | D:15     | Entered Level 15 of the Dungeon
 32834 | D:15     | Found a staircase to the Depths.
 33269 | D:15     | Reached XP level 16. HP: 127/127 MP: 30/30
 33561 | D:15     | Found a shimmering altar of Xom.
 33745 | D:15     | Learned a level 5 spell: Summon Forest
 34149 | Orc:1    | Entered Level 1 of the Orcish Mines
 34355 | Orc:1    | Noticed Jorgrun
 34371 | Orc:1    | Killed Jorgrun
 35100 | Orc:2    | Entered Level 2 of the Orcish Mines
 35849 | Orc:2    | Found Cemus's Antique Armour Emporium.
 35849 | Orc:2    | Found Adgham's Distillery.
 35851 | Orc:2    | Found Tedghueg's General Store.
 35851 | Orc:2    | Found Kulenim's Weapon Shoppe.
 36038 | Orc:2    | Bought a potion of haste for 150 gold pieces
 36038 | Orc:2    | Bought a potion of curing for 45 gold pieces
 36038 | Orc:2    | Bought a potion of berserk rage for 75 gold pieces
 36038 | Orc:2    | Bought a potion of brilliance for 60 gold pieces
 36038 | Orc:2    | Bought a potion of haste for 150 gold pieces
 36038 | Orc:2    | Bought a potion of heal wounds for 75 gold pieces
 36038 | Orc:2    | Bought a potion of curing for 45 gold pieces
 36041 | Orc:2    | Bought a scroll of enchant armour for 97 gold pieces
 36069 | Orc:2    | Found a staircase to the Elven Halls.
 37011 | Elf:1    | Entered Level 1 of the Elven Halls
 37996 | Elf:1    | Noticed a Brimstone Fiend
 38628 | Elf:1    | Identified Epsa Jilefu's Catalogue of Illusion
 38634 | Elf:1    | Learned a level 3 spell: Summon Guardian Golem
 38638 | Elf:1    | Learned a level 3 spell: Stone Arrow
 38722 | Elf:1    | Identified a scroll of acquirement
 39630 | Shoals:1 | Entered Level 1 of the Shoals
 40596 | Shoals:1 | Reached XP level 17. HP: 103/135 MP: 25/32
 42518 | Shoals:2 | Found Oninoub's Book Emporium.
 42598 | Shoals:2 | Bought a book of Minor Magic for 280 gold pieces
 42601 | Shoals:2 | Learned a level 2 spell: Blink
 42604 | Shoals:2 | Learned a level 2 spell: Call Imp
 43442 | Shoals:2 | Found a runed translucent gate.
 43445 | Shoals:2 | Found a runed translucent gate.
 43446 | Shoals:2 | Found a runed translucent gate.
 43446 | Shoals:2 | Noticed Endbringerleviathan's ghost (adept HuHu)
 43977 | Shoals:2 | Identified the ring of Tayra {Str+3 Int+4 Dex+6}
 44705 | Shoals:3 | Reached skill level 10 in Conjurations
 44705 | Shoals:3 | Reached skill level 10 in Hexes
 44705 | Shoals:3 | Reached skill level 10 in Summonings
 44705 | Shoals:3 | Reached skill level 10 in Necromancy
 44705 | Shoals:3 | Reached skill level 10 in Translocations
 44705 | Shoals:3 | Reached skill level 10 in Transmutations
 44705 | Shoals:3 | Reached skill level 10 in Fire Magic
 44705 | Shoals:3 | Reached skill level 10 in Ice Magic
 44705 | Shoals:3 | Reached skill level 10 in Air Magic
 44705 | Shoals:3 | Reached skill level 10 in Earth Magic
 44705 | Shoals:3 | Reached skill level 10 in Poison Magic
 44991 | Shoals:3 | Identified the cursed +3 trident of Might {antimagic, rPois
                  | Will+}
 44991 | Shoals:3 | Noticed Angmar's ghost (adept DrTm)
 45008 | Shoals:3 | Identified the +9 demon trident of Yval {antimagic, Will+
                  | Str+3}
 45245 | Shoals:3 | Noticed a kraken
 45258 | Shoals:3 | Killed a kraken
 45328 | Shoals:3 | Found a bloodstained altar of Trog.
 45331 | Shoals:3 | Found a transporter.
 45334 | Shoals:3 | Found a transporter.
 46013 | Shoals:3 | Reached XP level 18. HP: 136/143 MP: 23/33
 46411 | Shoals:4 | Entered Level 4 of the Shoals
 46524 | Shoals:2 | Bought a book of Callings for 420 gold pieces
 46529 | Shoals:2 | Learned a level 4 spell: Summon Lightning Spire
 48315 | Shoals:4 | Got a barnacled rune of Zot
 48482 | Shoals:4 | Noticed Ilsuiw
 48506 | Shoals:4 | Killed Ilsuiw
 49744 | Lair:3   | Killed roseMary's ghost
 49892 | Lair:3   | Acquired 621 gold pieces
 50193 | Shoals:2 | Killed Endbringerleviathan's ghost
 51131 | Elf:2    | Cast into level 2 of the Abyss (+2 dire flail of
                  | distortion)
 51380 | Abyss:2  | Found a corrupted altar of Lugonu.
 51524 | Abyss:2  | Noticed a hellephant
 51598 | Abyss:2  | Killed a hellephant
 51676 | Elf:2    | Escaped the Abyss
 51995 | Elf:2    | Reached XP level 19. HP: 147/151 MP: 33/35
 52948 | Elf:2    | Found a runed translucent gate.
 52948 | Elf:2    | Found a runed translucent gate.
 52948 | Elf:2    | Found a runed translucent gate.
 54211 | Elf:3    | Entered Level 3 of the Elven Halls
 54255 | Elf:3    | Noticed Nikola
 54265 | Elf:3    | Killed Nikola
 55887 | Elf:3    | Identified the +0 robe "Docsemo" {Harm Int+3}
 55964 | Elf:3    | Noticed Mara
 55967 | Elf:3    | Noticed Zock's illusion
 56071 | Elf:3    | Identified the ring of Qocaor {Ice Int+2 Dex+2}
 56483 | Elf:3    | Identified the +4 mace of the Wasteland {holy, rN+ Dex+5}
 57200 | Elf:3    | Identified the ring of Hisohesm {AC+4 Str+4}
 57205 | Elf:3    | Identified the amulet "Baetak" {Spirit *Drain rC+ Str+4
                  | Int+8}
 57908 | Snake:1  | Entered Level 1 of the Snake Pit
 57921 | Lair:4   | Reached XP level 20. HP: 156/158 MP: 35/37
 58502 | Snake:1  | Noticed Aizul
 58526 | Snake:1  | Killed Aizul
 59008 | Snake:1  | Found a corrupted altar of Lugonu.
 59011 | Snake:1  | Found a one-way gate to the infinite horrors of the Abyss.
 59139 | Snake:1  | Found Toag's Jewellery Emporium.
 59141 | Snake:1  | Found Jeur's Jewellery Shoppe.
 59141 | Snake:1  | Found Epiott's Gadget Emporium.
 59329 | Snake:1  | Found Kaytsit's Distillery.
 59335 | Snake:1  | Bought a potion of curing for 33 gold pieces
 59335 | Snake:1  | Bought a potion of heal wounds for 55 gold pieces
 59335 | Snake:1  | Bought a potion of curing for 33 gold pieces
 59335 | Snake:1  | Bought a potion of heal wounds for 55 gold pieces
 61099 | Snake:2  | Noticed Frances
 61123 | Snake:2  | Killed Frances
 61740 | Snake:3  | Found a frozen archway.
 61935 | Snake:3  | Found the ring of the Octopus King
 62193 | Snake:3  | Got a ring of the Octopus King
 62195 | Snake:3  | Identified a ring of the Octopus King {rF+ AC+1 EV+1 Str+1
                  | Int+1 Dex+1} (You found it on level 3 of the Snake Pit)
 62530 | Snake:4  | Entered Level 4 of the Snake Pit
 65925 | Snake:4  | Reached XP level 21. HP: 167/167 MP: 24/38
 66316 | Snake:4  | Got a serpentine rune of Zot
 67323 | Depths:1 | Entered Level 1 of the Depths
 67549 | D:15     | Reached skill level 15 in Fighting
 67549 | D:15     | Reached skill level 15 in Armour
 67549 | D:15     | Reached skill level 15 in Shields
 68417 | Depths:1 | Reached skill level 15 in Invocations
 68851 | Depths:1 | Found a gateway to Hell.
 69590 | Depths:1 | Identified the +6 quarterstaff "Vadin" {flame, Int+3}
 70444 | Depths:2 | Found a transporter.
 70445 | Depths:2 | Noticed Himmaryad's ghost (adept TrMo)
 70446 | Depths:2 | Noticed a juggernaut
 70447 | Depths:2 | Noticed Hifrefadd's ghost (adept DgCj)
 70692 | Depths:2 | Found a transporter.
 70994 | Depths:2 | Found a one-way gate leading to the halls of Pandemonium.
 71128 | Depths:2 | Found an ancient bone altar of Kikubaaqudgha.
 71128 | Depths:2 | Noticed an ancient lich
 75401 | D:11     | Learned a level 4 spell: Summon Ice Beast
 75526 | D:15     | Identified the +6 trident "Refaick" {freeze, rPois Str+4
                  | Int+4} (You found it on level 12 of the Dungeon)
 76739 | Depths:2 | Killed an ancient lich
 78396 | Depths:2 | Reached XP level 22. HP: 148/164 MP: 23/40
 80331 | Depths:3 | Reached skill level 15 in Maces & Flails
 81361 | Depths:4 | Found Nolak's Jewellery Shop.
 81361 | Depths:4 | Found Ylesomos's Gadget Shoppe.
 81362 | Depths:4 | Found Fosymeoc's Jewellery Shop.
 81823 | Depths:4 | Paralysed by a sphinx for 6 turns
 82606 | Depths:4 | Found a radiant altar of Vehumet.
 82610 | Depths:4 | Noticed the Enchantress
 82630 | Depths:4 | Killed the Enchantress
 82791 | Depths:4 | Identified the Tome of Hexes and Evil
 82798 | Depths:4 | Identified Ydeohurph's Reference Book on Lightness and
                  | Summoning
 82846 | Depths:4 | Learned a level 5 spell: Summon Mana Viper
 83336 | Slime:1  | Entered Level 1 of the Pits of Slime
 83340 | Slime:1  | Gained mutation: You are partially covered in thin metallic
                  | scales. (AC +2) [a shining eye]
 84226 | Slime:2  | Gained mutation: You are clumsy. (Dex -2) [a shining eye]
 85711 | Vaults:1 | Entered Level 1 of the Vaults
 85711 | Vaults:1 | Found Hiopah's Book Emporium.
 85711 | Vaults:1 | Found Vako's Assorted Antiques.
 85808 | Vaults:1 | Bought a manual of Armour for 1987 gold pieces
 85818 | Vaults:1 | Bought a potion of ambrosia for 280 gold pieces
 85818 | Vaults:1 | Bought a potion of cancellation for 280 gold pieces
 88150 | Vaults:1 | Reached XP level 23. HP: 183/183 MP: 15/41
 88737 | Vaults:1 | Found Iposs's Armour Shoppe.
 89677 | Vaults:2 | Found a magical portal.
 89786 | Vaults:2 | Reached skill level 15 in Short Blades
 89786 | Vaults:2 | Reached skill level 15 in Long Blades
 89786 | Vaults:2 | Reached skill level 15 in Axes
 89786 | Vaults:2 | Reached skill level 15 in Polearms
 89786 | Vaults:2 | Reached skill level 15 in Staves
 89786 | Vaults:2 | Reached skill level 15 in Slings
 89786 | Vaults:2 | Reached skill level 15 in Bows
 89786 | Vaults:2 | Reached skill level 15 in Crossbows
 89786 | Vaults:2 | Reached skill level 15 in Throwing
 89786 | Vaults:2 | Reached skill level 15 in Dodging
 89786 | Vaults:2 | Reached skill level 15 in Stealth
 89786 | Vaults:2 | Reached skill level 15 in Unarmed Combat
 89786 | Vaults:2 | Reached skill level 15 in Spellcasting
 89786 | Vaults:2 | Reached skill level 15 in Evocations
 89983 | Vaults:2 | Noticed Jory
 90192 | Vaults:2 | Paralysed by an ogre mage for 7 turns
 90422 | Vaults:1 | Killed Jory
 90627 | Vaults:2 | Noticed Sojobo
 90627 | Vaults:2 | Noticed Margery
 90656 | Vaults:2 | Killed Margery
 90844 | Vaults:2 | Killed Sojobo
 91353 | Vaults:2 | You fall into a shaft and drop 2 floors!
 92836 | Vaults:3 | Found a huge runed gate.
 92839 | Vaults:3 | Found a huge runed gate.
 92839 | Vaults:3 | Found a huge runed gate.
 93138 | Vaults:3 | Found a huge runed gate.
 93139 | Vaults:3 | Found a huge runed gate.
 93139 | Vaults:3 | Found a huge runed gate.
 93454 | Vaults:2 | Noticed Agnes
 93459 | Vaults:2 | Killed Agnes
 94311 | Vaults:3 | Found a staircase to the Crypt.
 94473 | Vaults:3 | Found a huge runed gate.
 94474 | Vaults:3 | Found a huge runed gate.
 94477 | Vaults:3 | Found a huge runed gate.
 94477 | Vaults:3 | Found a huge runed gate.
 94478 | Vaults:3 | Found a huge runed gate.
 94479 | Vaults:3 | Found a huge runed gate.
 94480 | Vaults:3 | Found a huge runed gate.
 94859 | Vaults:3 | Found a huge runed gate.
 94860 | Vaults:3 | Found a huge runed gate.
 94861 | Vaults:3 | Found a huge runed gate.
 94862 | Vaults:3 | Found a huge runed gate.
 94870 | Vaults:3 | Found a huge runed gate.
 94870 | Vaults:3 | Found a huge runed gate.
 94870 | Vaults:3 | Found a huge runed gate.
 94870 | Vaults:3 | Found a huge runed gate.
 94870 | Vaults:3 | Found a huge runed gate.
 94870 | Vaults:3 | Found a huge runed gate.
 94871 | Vaults:3 | Found a huge runed gate.
 94881 | Vaults:3 | Found a huge runed gate.
 94882 | Vaults:3 | Found a huge runed gate.
 94890 | Vaults:3 | Found a huge runed gate.
 94890 | Vaults:3 | Found a huge runed gate.
 94890 | Vaults:3 | Found a huge runed gate.
 94890 | Vaults:3 | Found a huge runed gate.
 94890 | Vaults:3 | Found a huge runed gate.
 94890 | Vaults:3 | Found a huge runed gate.
 94891 | Vaults:3 | Found a huge runed gate.
 94903 | Vaults:3 | Found a huge runed gate.
 94904 | Vaults:3 | Found a huge runed gate.
 94912 | Vaults:3 | Found a huge runed gate.
 95267 | Vaults:3 | Reached XP level 24. HP: 143/193 MP: 20/42
 97545 | Vaults:5 | Entered Level 5 of the Vaults
 97799 | Vaults:5 | Noticed Bai Suzhen
 98089 | Vaults:4 | Killed Bai Suzhen
 98704 | Vaults:5 | Noticed an ancient lich
 98718 | Vaults:5 | Killed an ancient lich
 99973 | Vaults:5 | Identified the ring "Antosox" {rC+ Str+4 Int+2 Dex+6}
100108 | Vaults:5 | Identified the cursed +1 war axe of Zock's Extermination
                  | {venom, +Fly rPois Will- Dex+8}
100108 | Vaults:5 | Identified the +4 leather armour of the Eleven Bones
                  | {+Blink rC- Regen+ Slay+5}
100340 | Vaults:5 | Found Taclishre's Distillery.
100362 | Vaults:5 | Bought a potion of curing for 66 gold pieces
100362 | Vaults:5 | Bought 2 potions of heal wounds for 220 gold pieces
100362 | Vaults:5 | Bought a potion of heal wounds for 110 gold pieces
100362 | Vaults:5 | Bought a potion of heal wounds for 110 gold pieces
100362 | Vaults:5 | Bought a potion of might for 88 gold pieces
100362 | Vaults:5 | Bought a potion of brilliance for 88 gold pieces
100362 | Vaults:5 | Bought a potion of cancellation for 176 gold pieces
100362 | Vaults:5 | Bought a potion of brilliance for 88 gold pieces
100362 | Vaults:5 | Bought a potion of haste for 220 gold pieces
100362 | Vaults:5 | Bought 2 potions of lignification for 132 gold pieces
100362 | Vaults:5 | Bought a potion of lignification for 66 gold pieces
100362 | Vaults:5 | Bought 2 potions of curing for 132 gold pieces
100362 | Vaults:5 | Bought a potion of curing for 66 gold pieces
100371 | Vaults:5 | Noticed Saint Roka
100394 | Vaults:5 | Identified the cursed +2 great sword "Celaic" {speed, Str+3
                  | Dex+4}
100404 | Vaults:5 | Killed Saint Roka
100554 | Vaults:5 | Identified the Almanac of Arcane Weapons and Contamination
100562 | Vaults:5 | Found Ceaj's Distillery.
100566 | Vaults:5 | Found Humuh's Magic Scroll Emporium.
100567 | Vaults:5 | Bought a potion of curing for 48 gold pieces
100567 | Vaults:5 | Bought a potion of brilliance for 64 gold pieces
100567 | Vaults:5 | Bought a potion of curing for 48 gold pieces
100567 | Vaults:5 | Bought 2 potions of might for 128 gold pieces
100567 | Vaults:5 | Bought a potion of curing for 48 gold pieces
100567 | Vaults:5 | Bought a potion of might for 64 gold pieces
100567 | Vaults:5 | Bought a potion of brilliance for 64 gold pieces
100567 | Vaults:5 | Bought a potion of curing for 48 gold pieces
100567 | Vaults:5 | Bought a potion of curing for 48 gold pieces
100574 | Vaults:5 | Bought a scroll of brand weapon for 340 gold pieces
100574 | Vaults:5 | Bought a scroll of silence for 127 gold pieces
100574 | Vaults:5 | Bought 3 scrolls of teleportation for 153 gold pieces
100667 | Vaults:5 | Reached XP level 25. HP: 201/201 MP: 42/43
100851 | Vaults:5 | Identified the ring "Waukuhyu" {rElec rF+ Str-2 Int-5
                  | Dex+10}
101260 | Vaults:5 | Lost mutation: You are clumsy. (Dex -2) [a neqoxec]
101628 | Vaults:5 | Found the +3 hat of Pondering {ponderous, Will+ MP+10
                  | Int+5}
101642 | Vaults:5 | Got a silver rune of Zot
102036 | Vaults:5 | Identified the Tome of Hurtful Hexes
102571 | Depths:5 | Entered Level 5 of the Depths
103020 | Depths:5 | Found a gateway to a ziggurat.
103335 | Depths:5 | Noticed a juggernaut
103370 | Depths:4 | Killed a juggernaut
105265 | Depths:5 | Found a gate to the Realm of Zot.
106161 | Depths:5 | Noticed a juggernaut
106176 | Depths:5 | Killed a juggernaut
107659 | D:15     | Bought a scroll of summoning for 209 gold pieces
107659 | D:15     | Bought a scroll of silence for 165 gold pieces
107659 | D:15     | Bought a scroll of silence for 165 gold pieces
107659 | D:15     | Bought a scroll of blinking for 165 gold pieces
107659 | D:15     | Bought a scroll of summoning for 209 gold pieces
107659 | D:15     | Bought a scroll of enchant weapon for 165 gold pieces
107659 | D:15     | Bought a scroll of enchant weapon for 165 gold pieces
107675 | D:15     | Bought a dazzling rapier for 306 gold pieces
107675 | D:15     | Bought a scorched demon blade for 680 gold pieces
107682 | D:15     | Bought a scroll of identify for 44 gold pieces
107683 | D:15     | Identified the +6 demon blade of the Evil Eye {elec,
                  | *Corrode Str+6} (You bought it in a shop on level 15 of the
                  | Dungeon)
107685 | D:15     | Bought a scroll of identify for 44 gold pieces
107686 | D:15     | Identified the +11 rapier of Sunlight {vorpal, Int+2} (You
                  | bought it in a shop on level 15 of the Dungeon)
107689 | D:15     | Bought a scroll of summoning for 171 gold pieces
107689 | D:15     | Bought a scroll of silence for 135 gold pieces
107689 | D:15     | Bought a scroll of blinking for 135 gold pieces
107691 | D:15     | Bought a potion of heal wounds for 90 gold pieces
107691 | D:15     | Bought a scroll of enchant weapon for 135 gold pieces
107697 | D:15     | Bought a potion of haste for 180 gold pieces
107697 | D:15     | Bought a potion of magic for 144 gold pieces
107699 | D:15     | Bought a pitted cloak for 380 gold pieces
107710 | D:15     | Identified the +0 cloak "Runets" {rPois rC- Str+7} (You
                  | bought it in a shop on level 15 of the Dungeon)
107724 | D:15     | Bought a manual of Dodging for 1435 gold pieces
107748 | D:15     | Bought a potion of magic for 160 gold pieces
107748 | D:15     | Bought a potion of magic for 160 gold pieces
107748 | D:15     | Bought a potion of resistance for 200 gold pieces
107748 | D:15     | Bought 2 potions of magic for 320 gold pieces
107898 | Crypt:1  | Entered Level 1 of the Crypt
108053 | Crypt:1  | Learned a level 7 spell: Summon Hydra
110003 | Crypt:1  | Found a runed translucent gate.
110003 | Crypt:1  | Found a runed translucent gate.
110003 | Crypt:1  | Found a runed translucent gate.
110007 | Crypt:1  | Noticed Hali's ghost (veteran FoFi)
112458 | Crypt:3  | Entered Level 3 of the Crypt
113990 | Crypt:3  | Found a staircase to the Tomb.
114018 | Crypt:3  | Identified the Catalogue of Evil
114038 | Crypt:3  | Noticed an ancient lich
114044 | Crypt:3  | Killed an ancient lich
114777 | Crypt:3  | Identified the ring "Osainar" {rC+ rN+ MP+9}
115329 | Crypt:3  | Found an ancient bone altar of Kikubaaqudgha.
116673 | Crypt:3  | Reached XP level 26. HP: 203/209 MP: 28/43
116833 | Crypt:3  | Noticed an ancient lich
116846 | Crypt:3  | Killed an ancient lich
118907 | Depths:2 | Identified the +3 broad axe of Kietidd {freeze, rN+} (You
                  | found it on level 2 of the Depths)
119552 | Crypt:3  | Identified the +6 glaive of Toothy Integrity {vorpal, rElec
                  | Will+ Str+2} (You found it on level 3 of the Crypt)
119784 | Crypt:3  | Identified the ring of Vaidoem {Fire +Inv Str-4 Slay+2}
                  | (You found it on level 3 of the Crypt)
121142 | Slime:3  | Gained mutation: You are occasionally teleported next to
                  | monsters. [a shining eye]
121676 | Slime:3  | Gained mutation: Scrolls take you a little longer to read.
                  | [a shining eye]
122298 | Slime:3  | Gained mutation: You are dopey. (Int -2) [a shining eye]
122319 | Slime:5  | Entered Level 5 of the Pits of Slime
122942 | D:11     | Lost mutation: You are dopey. (Int -2) [potion of mutation]
122942 | D:11     | Lost mutation: You are partially covered in thin metallic
                  | scales. (AC +2) [potion of mutation]
122942 | D:11     | Lost mutation: Scrolls take you a little longer to read.
                  | [potion of mutation]
122942 | D:11     | Gained mutation: You are dopey. (Int -2) [potion of
                  | mutation]
122942 | D:11     | Gained mutation: You evolve. [potion of mutation]
122943 | D:11     | Lost mutation: You are dopey. (Int -2) [potion of mutation]
122943 | D:11     | Lost mutation: You evolve. [potion of mutation]
122943 | D:11     | Gained mutation: Your flesh is heat resistant. (rF+)
                  | [potion of mutation]
122943 | D:11     | Gained mutation: You evolve. [potion of mutation]
122943 | D:11     | Gained mutation: You expend magic power (3 MP) to
                  | strengthen your wands. [potion of mutation]
122943 | D:11     | Gained mutation: You are robust. (+10% HP) [potion of
                  | mutation]
122944 | D:11     | Lost mutation: You are robust. (+10% HP) [potion of
                  | mutation]
122944 | D:11     | Lost mutation: You expend magic power (3 MP) to strengthen
                  | your wands. [potion of mutation]
122944 | D:11     | Lost mutation: You evolve. [potion of mutation]
122944 | D:11     | Gained mutation: Scrolls take you a little longer to read.
                  | [potion of mutation]
122944 | D:11     | Gained mutation: You are partially covered in yellow
                  | scales. (AC +2) [potion of mutation]
122945 | D:11     | Lost mutation: Scrolls take you a little longer to read.
                  | [potion of mutation]
122945 | D:11     | Lost mutation: You are partially covered in yellow scales.
                  | (AC +2) [potion of mutation]
122945 | D:11     | Lost mutation: Your flesh is heat resistant. (rF+) [potion
                  | of mutation]
122945 | D:11     | Gained mutation: You are weak. (Str -2) [potion of
                  | mutation]
122945 | D:11     | Gained mutation: You are partially covered in rugged brown
                  | scales. (AC +1, +3% HP) [potion of mutation]
123145 | Vaults:3 | Lost mutation: You are weak. (Str -2) [potion of mutation]
123145 | Vaults:3 | Lost mutation: You are occasionally teleported next to
                  | monsters. [potion of mutation]
123145 | Vaults:3 | Lost mutation: You are partially covered in rugged brown
                  | scales. (AC +1, +3% HP) [potion of mutation]
123145 | Vaults:3 | Gained mutation: You occasionally shout uncontrollably at
                  | your foes. [potion of mutation]
123145 | Vaults:3 | Gained mutation: You tend to lose your temper in combat.
                  | [potion of mutation]
123145 | Vaults:3 | Gained mutation: You sometimes yell uncontrollably at your
                  | foes. [potion of mutation]
123145 | Vaults:3 | Gained mutation: You have large cloven feet. [potion of
                  | mutation]
123253 | Vaults:5 | Bought a potion of mutation for 128 gold pieces
123253 | Vaults:5 | Lost mutation: You tend to lose your temper in combat.
                  | [potion of mutation]
123253 | Vaults:5 | Lost mutation: You have large cloven feet. [potion of
                  | mutation]
123253 | Vaults:5 | Lost mutation: You sometimes yell uncontrollably at your
                  | foes. [potion of mutation]
123253 | Vaults:5 | Gained mutation: Your magical capacity is low. (-10% MP)
                  | [potion of mutation]
123253 | Vaults:5 | Gained mutation: You sometimes yell uncontrollably at your
                  | foes. [potion of mutation]
123253 | Vaults:5 | Gained mutation: You are surrounded by a mild repulsion
                  | field. (EV +2) [potion of mutation]
124605 | Slime:5  | Noticed the Royal Jelly
124612 | Slime:5  | Paralysed by a great orb of eyes for 6 turns
126825 | Zot:1    | Entered Level 1 of the Realm of Zot
131119 | Zot:1    | Identified the Tome of Twisted Transmutation
131131 | Zot:1    | Learned a level 7 spell: Spellforged Servitor
131254 | Zot:1    | You fall into a shaft and drop 1 floor!
132291 | Zot:2    | You fall into a shaft and drop 1 floor!
139146 | Zot:3    | Reached XP level 27. HP: 185/217 MP: 24/39
141704 | Zot:4    | Identified the ring of Voez {rF+ rC+ Str-3 Dex+4}
143323 | Zot:4    | Reached skill level 15 in Conjurations
143323 | Zot:4    | Reached skill level 15 in Hexes
143323 | Zot:4    | Reached skill level 15 in Summonings
143323 | Zot:4    | Reached skill level 15 in Necromancy
143323 | Zot:4    | Reached skill level 15 in Translocations
143323 | Zot:4    | Reached skill level 15 in Transmutations
143323 | Zot:4    | Reached skill level 15 in Fire Magic
143323 | Zot:4    | Reached skill level 15 in Ice Magic
143323 | Zot:4    | Reached skill level 15 in Air Magic
143323 | Zot:4    | Reached skill level 15 in Earth Magic
143323 | Zot:4    | Reached skill level 15 in Poison Magic
144988 | Zot:5    | Entered Level 5 of the Realm of Zot
147181 | Zot:5    | Noticed an ancient lich
147191 | Zot:5    | Killed an ancient lich
148093 | Zot:5    | Noticed an orb of fire
148112 | Zot:5    | Killed from afar by an orb of fire

Illustrated notes

Levels and vault maps discovered:
D:1:      minmay_arrival_floating_metal, layout_basic, grunt_decor_arrowhead,
          serial_park_tiny_pond
D:2:      layout_loops_ring
D:3:      layout_basic, lemuel_doored_altar, minmay_misc_feat_encased,
          nicolae_qazlal_general_emergency
D:4:      layout_rooms, nicolae_dithmenos_the_darkroom, gammafunk_ghost_split
D:5:      layout_loops_ring, nicolae_overflow_hidden_temple, uniq_edmund
D:6:      cheibrodos_iron_armory, layout_basic, minmay_temple_entry_mini_moons
D:7:      layout_basic, st_stairs_1, hangedman_abyss_or_decor_stagger,
          minmay_fractal_squares_gapless_5, uniq_duvessa
D:8:      layout_cave_pods
D:9:      layout_stronghold, serial_shops, nicolae_shop_behind_doors
D:10:     layout_rooms, lair_entry_dummy, basic_altar, abandoned_shop,
          uniq_harold, uniq_joseph
D:11:     layout_loops_ring, orc_0_dummy, serial_shops, shop,
          minmay_misc_feat_rows, nicolae_gozag_zags_fifth_avenue
D:12:     layout_gridville, serial_shops, nicolae_shop_waterfront,
          kennysheep_small_square
D:13:     layout_stronghold, argonaut_gorgonesque, uniq_maurice
D:14:     layout_basic, david_vaults_2, serial_park_square2,
          palyth_stone_intersect, trog_ov_bears_minmay
D:15:     gammafunk_depths_entry_grave, layout_gridville, basic_altar
Temple:   regret_index_temple_generic_petals
Lair:1:   layout_layer_cave, basic_altar, chequers_serial_rivers_micro_e,
          nzn_random_ring, grunt_megastairs_5, minmay_lair_oklob_chamber,
          uniq_urug, uniq_erica
Lair:2:   layout_gridlike, kennysheep_snail_temple
Lair:3:   layout_gridlike, shoals_dummy_entry, gammafunk_ghost_hive,
          worms_lemuel, uniq_gastronok, uniq_rupert
Lair:4:   layout_gridlike, minmay_snake_entry_guardpost_small,
          bobbens_dragon_lair_wall, uniq_kirke
Lair:5:   layout_regular_city, slime_altar_1, serial_bayou_lake_a
Lair:6:   minmay_lair_end_frog_pond, layout_loops_ring,
          cheibrodos_lair_lostbears
Shoals:1: layout_shoals, centaur_isle
Shoals:2: layout_shoals, gammafunk_ghost_split, serial_shops,
          nicolae_shop_trees, nicolae_shoals_water_shrine
Shoals:3: layout_shoals, gammafunk_ghost_wrathful_warriors,
          nicolae_shoals_kraken_intersection
Shoals:4: shoals_end_hangedman, layout_shoals, shoals_ilsuiw_alternative,
          nicolae_shoals_isolated_beach
Snake:1:  layout_layer_cave, amcnicky_altar_lugonu_corruption,
          serial_bayou_shore_b, minmay_shoptagon, uniq_aizul
Snake:2:  layout_chambers, nicolae_coiled_stairwell_down, uniq_frances
Snake:3:  layout_cave_shapes, portal_ice_cave_entry_horrid_things
Snake:4:  grunt_snake_rune_spirals, layout_onion, special_room
Slime:1:  layout_caves
Slime:2:  layout_caves
Slime:3:  layout_caves
Slime:4:  layout_caves
Slime:5
Orc:1:    layout_diamond_mine, uniq_jorgrun
Orc:2:    st_orc_ogre_mass, layout_caves, nicolae_orc_rockfall,
          lightli_orcish_oven
Elf:1:    minmay_elf_arrival_circle, layout_loops_ring, minmay_elf_demonology,
          amethyst_killhole
Elf:2:    layout_geoelf_octagon, st_stairs_9, serial_sigils_hangedman_confine,
          drop_trap
Elf:3:    grunt_elf_hall_asides, layout_onion_city,
          serial_sigils_hangedman_clutch, uniq_nikola, uniq_mara
Vaults:1: vaults_mumra_lcd, nicolae_vaults_network_quinsquares
          [nicolae_vaults_network_quincunx_subvault,
          nicolae_vaults_network_quincunx_subvault,
          nicolae_vaults_network_quincunx_subvault,
          nicolae_vaults_network_quincunx_subvault], hangedman_vaults_slice,
          nicolae_vaults_circle_grid_a, nicolae_vaults_network_star,
          vaults_standard_mumra_x, v_misc_28, v_pattern_5, vaults_room_pools,
          ontoclasm_vaults_claustrophobia, layout_vaults_omnicross,
          serial_shops, nicolae_shop_competitors_out_of_business,
          nicolae_shop_behind_doors, shop
Vaults:2: hangedman_vaults_stream, v_misc_23, v_misc_1, vaults_room_pools,
          nicolae_vaults_circle_grid_a, v_pattern_1, vaults_room_stairs_pillars,
          hangedman_vaults_nails, vaults_room_pool, sword_in_stone,
          nicolae_vaults_little_squares_1, nicolae_vaults_specimen_jars,
          layout_vaults_maze_snakey, mu_enter_wizlab_1, uniq_jory, uniq_margery,
          uniq_sojobo
Vaults:3: v_rooms_6, minmay_crypt_entry_simple_sparse, vaults_door_vault,
          grunt_vaults_swirl, v_alt_pattern_3, nicolae_vaults_triangles,
          nicolae_vaults_gold_heap, nicolae_vaults_little_squares_4,
          grunt_vaults_twisty, vaults_room_corners, layout_vaults_big_room
Vaults:4: nicolae_vaults_diagonal_hallway_9, v_misc_12,
          nicolae_vaults_angled_halls, ontoclasm_vaults_twist,
          hangedman_vaults_pinch, serial_ice_m, hangedman_vaults_cutoff,
          kb_rosetta, v_misc_2, vaults_dpeg_encased_lava, v_pattern_2,
          layout_vaults_ring
Vaults:5: uniq_bai_suzhen, uniq_saint_roka
Crypt:1:  layout_chaotic_city, ebering_ghost_rock_garden, grunt_ministairs_12
Crypt:2:  layout_misc_corridors, minmay_misc_feat_cross, corner_web_ring
Crypt:3:  quadcrypt_mu
Depths:1: minmay_ambush_box, layout_basic, abandoned_shop, hellmouth_3,
          evilmike_ambush [evilmike_ambush_outer_basic,
          evilmike_ambush_inner_basic]
Depths:2: evilmike_negative_zone, layout_honeycomb, nzn_ghost_randoct,
          hell_entry, rand_demon_pan_entry_8, chequers_serial_rivers_micro_b,
          minmay_misc_feat_five, serial_bayou_shore_b, minmay_staircase_statues
Depths:3: nicolae_whirlpool, layout_basic, grunt_pan_entry_zigzag,
          grunt_metal_band, minmay_fountain_box, abyss_entry,
          infiniplex_staircase_pillars_2
Depths:4: grunt_forest_end_shrine, layout_gridville, minmay_room_of_horrors,
          hell_entry, minmay_shop_grove, roderic_lattice_octagonal_star
Depths:5: grunt_crosshair, layout_honeycomb, enter_ziggurat_e,
          chequers_serial_rivers_marsh, hell_entry
Zot:1:    layout_twisted_circle, st_single_dragon_hoard_2,
          hangedman_hellfire_club
Zot:2:    layout_misc_corridors, grunt_megastairs_3, lemuel_elevator
Zot:3:    layout_cathedral_of_symmetry, grunt_megastairs_4
Zot:4:    grunt_zot_stairs_overgrown, layout_misc_corridors, grunt_ministairs_14
Zot:5:    layout_misc_corridors, kennysheep_underground_church

Skill      XL: |  1  2  3  4  5  6  7  8  9 10 11 12 13 14 15 16 17 18 19 20 21 22 23 24 25 26 27 |
---------------+----------------------------------------------------------------------------------+-----
Invocations    | 1 2 3 4 5 6 7 8 9 10 11 12 13 14 15 16 17 18 19 | 19.0
Short Blades   | 1 2 3 4 5 6 7 8 9 10 11 12 13 14 15 16 17 | 17.6
Long Blades    | 1 2 3 4 5 6 7 8 9 10 11 12 13 14 15 16 17 | 17.6
Axes           | 1 2 3 4 5 6 7 8 9 10 11 12 13 14 15 16 17 | 17.6
Polearms       | 1 2 3 4 5 6 7 8 9 10 11 12 13 14 15 16 17 | 17.6
Staves         | 1 2 3 4 5 6 7 8 9 10 11 12 13 14 15 16 17 | 17.6
Slings         | 1 2 3 4 5 6 7 8 9 10 11 12 13 14 15 16 17 | 17.6
Bows           | 1 2 3 4 5 6 7 8 9 10 11 12 13 14 15 16 17 | 17.6
Crossbows      | 1 2 3 4 5 6 7 8 9 10 11 12 13 14 15 16 17 | 17.6
Throwing       | 1 2 3 4 5 6 7 8 9 10 11 12 13 14 15 16 17 | 17.6
Dodging        | 1 2 3 4 5 6 7 8 9 10 11 12 13 14 15 16 18 | 18.8
Stealth        | 1 2 3 4 5 6 7 8 9 10 11 12 13 14 15 16 17 | 17.6
Unarmed Combat | 1 2 3 4 5 6 7 8 9 10 11 12 13 14 15 16 17 | 17.6
Spellcasting   | 1 2 3 4 5 6 7 8 9 10 11 12 13 14 15 16 17 | 17.6
Evocations     | 1 2 3 4 5 6 7 8 9 10 11 12 13 14 15 16 17 | 17.6
Conjurations   | 1 2 3 4 5 6 7 8 9 10 11 12 13 14 15 | 15.2
Hexes          | 1 2 3 4 5 6 7 8 9 10 11 12 13 14 15 | 15.2
Summonings     | 1 2 3 4 5 6 7 8 9 10 11 12 13 14 15 | 15.2
Necromancy     | 1 2 3 4 5 6 7 8 9 10 11 12 13 14 15 | 15.2
Translocations | 1 2 3 4 5 6 7 8 9 10 11 12 13 14 15 | 15.2
Transmutations | 1 2 3 4 5 6 7 8 9 10 11 12 13 14 15 | 15.2
Fire Magic     | 1 2 3 4 5 6 7 8 9 10 11 12 13 14 15 | 15.2
Ice Magic      | 1 2 3 4 5 6 7 8 9 10 11 12 13 14 15 | 15.2
Air Magic      | 1 2 3 4 5 6 7 8 9 10 11 12 13 14 15 | 15.2
Earth Magic    | 1 2 3 4 5 6 7 8 9 10 11 12 13 14 15 | 15.2
Poison Magic   | 1 2 3 4 5 6 7 8 9 10 11 12 13 14 15 | 15.2
Maces & Flails | 5 6 7 8 9 10 11 12 13 14 15 16 17 18 | 18.1
Fighting       | 7 8 9 10 11 12 13 14 15 16 17 18 | 18.5
Armour         | 7 8 9 10 11 12 13 14 15 16 17 18 19 | 19.6
Shields        | 7 8 9 10 11 12 13 14 15 16 17 18 | 18.5

Action                   |  1- 3 |  4- 6 |  7- 9 | 10-12 | 13-15 | 16-18 | 19-21 | 22-24 | 25-27 || total
-------------------------+-------+-------+-------+-------+-------+-------+-------+-------+-------++-------
Melee: Flail             |   116 |   158 |   268 |   258 |       |       |       |       |       ||   800
       Bite              |    13 |    15 |    40 |    85 |   249 |   177 |   157 |   140 |   135 ||  1011
       Hand axe          |       |       |     5 |    89 |       |       |       |       |       ||    94
       Unarmed           |       |       |     2 |       |       |       |       |       |       ||     2
       Scimitar          |       |       |       |   287 |  1411 |  1280 |  1010 |   630 |   699 ||  5317
       Kick              |       |       |       |       |    10 |     6 |       |       |       ||    16
       Headbutt          |       |       |       |       |     9 |     3 |       |       |       ||    12
       Hand crossbow     |       |       |       |       |       |       |       |       |     2 ||     2
 Fire: Hand crossbow     |       |       |    14 |    33 |   109 |   255 |    17 |   206 |   166 ||   800
Throw: Dart              |       |     3 |    19 |     6 |     6 |    58 |       |       |       ||    92
       Throwing net      |       |     2 |     2 |       |       |       |       |       |       ||     4
       Javelin           |       |     2 |       |       |       |       |       |       |       ||     2
       Boomerang         |       |       |       |       |       |       |    48 |       |       ||    48
 Cast: Beastly Appendage |       |       |       |       |     2 |     2 |     1 |       |       ||     5
       Cause Fear        |       |       |       |       |     1 |     2 |       |       |       ||     3
       Petrify           |       |       |       |       |     1 |     1 |       |     4 |       ||     6
       Airstrike         |       |       |       |       |       |    81 |    15 |     4 |     6 ||   106
       Tukima's Dance    |       |       |       |       |       |    49 |    14 |    19 |     7 ||    89
       Stone Arrow       |       |       |       |       |       |    11 |       |       |       ||    11
       Summon Forest     |       |       |       |       |       |    13 |    96 |    89 |   164 ||   362
       Summon Guardian G |       |       |       |       |       |     1 |    82 |    45 |    33 ||   161
       Silence           |       |       |       |       |       |     1 |       |       |       ||     1
       Summon Lightning  |       |       |       |       |       |    51 |   341 |   241 |   310 ||   943
       Call Imp          |       |       |       |       |       |       |   155 |   121 |    83 ||   359
       Summon Ice Beast  |       |       |       |       |       |       |    13 |   124 |   114 ||   251
       Blink             |       |       |       |       |       |       |     1 |       |       ||     1
       Summon Mana Viper |       |       |       |       |       |       |       |   122 |   126 ||   248
       Summon Hydra      |       |       |       |       |       |       |       |       |   215 ||   215
       Spellforged Servi |       |       |       |       |       |       |       |       |    61 ||    61
Invok: Call Merchant     |       |       |       |       |       |       |       |       |    11 ||    11
 Abil: Evoke Flight      |       |       |       |       |       |       |       |       |     1 ||     1
Evoke: Wand              |       |       |       |     4 |     3 |    13 |     3 |    29 |    26 ||    78
       Box of beasts     |       |       |       |       |     1 |       |       |     2 |     3 ||     6
       Lightning rod     |       |       |       |       |       |       |       |     4 |       ||     4
       Tin of tremorston |       |       |       |       |       |       |       |     2 |     7 ||     9
       Phantom mirror    |       |       |       |       |       |       |       |     2 |     5 ||     7
  Use: Potion            |       |     2 |     2 |     4 |     3 |     3 |     2 |    18 |    18 ||    52
       Scroll            |       |       |     4 |     7 |    23 |    15 |    10 |     7 |    29 ||    95
 Stab: Sleeping          |       |       |     6 |     6 |     9 |     1 |     3 |     7 |     4 ||    36
       Held in net/web   |       |       |     2 |       |       |       |       |       |       ||     2
       Distracted        |       |       |     2 |     4 |     9 |    13 |    23 |    26 |    33 ||   110
       Petrified         |       |       |       |       |       |       |       |     4 |       ||     4
       Paralysed         |       |       |       |       |       |       |       |       |     1 ||     1
Armor: Scale mail        |    55 |    42 |    11 |   153 |   290 |       |       |       |       ||   551
       Skin              |       |       |     7 |       |       |       |       |       |       ||     7
       Chain mail        |       |       |       |       |   149 |   672 |   415 |   329 |   476 ||  2041
Dodge: Dodged            |    36 |    42 |    97 |   209 |   640 |   798 |   440 |   376 |   596 ||  3234
       Repelled          |       |       |       |       |       |    26 |    17 |       |       ||    43
Block: Kite shield       |    78 |    85 |   135 |   305 |   544 |   930 |   822 |   769 |   982 ||  4650
       Buckler           |       |       |       |       |   137 |   131 |       |       |       ||   268
       Reflection        |       |       |       |       |       |   109 |   163 |   155 |    41 ||   468
       Rpst.: Scimitar   |       |       |       |    27 |   158 |   113 |    70 |    53 |    59 ||   480
